 Dungeon Crawl Stone Soup version 0.23-a0-629-gae4348f (webtiles) character file.

235 MalarOregon the Poker (level 6, -6/48 HPs)
             Began as a Merfolk Gladiator on Dec 26, 2018.
             Engulfed by an orc wizard's steam (10 damage)
             ... on level 4 of the Dungeon.
             The game lasted 00:06:50 (2774 turns).

MalarOregon the Poker (Merfolk Gladiator)           Turns: 2774, Time: 00:06:51

Health: -6/48      AC:  6    Str: 14    XL:     6   Next: 5%
Magic:  6/6        EV: 18    Int: 10    God:
Gold:   199        SH:  0    Dex: 15    Spells: 5/5 levels left

rFire    . . .     SeeInvis .   a - +0 trident
rCold    . . .     Gourm    .   (no shield)
rNeg     + . .     Faith    .   b - +0 leather armour
rPois    .         Spirit   .   c - +0 helmet
rElec    .         Reflect  .   i - +0 cloak
rCorr    .         Harm     .   y - +0 pair of gloves
MR       .....                  (boots currently unavailable)
Stlth    ++........             (no amulet)
HPRegen  0.16/turn              p - ring of positive energy
MPRegen  0.10/turn              (no ring)

@: confused, very quick
A: change form in water, swift swim, stealthy swim
a: no special abilities


You were on level 4 of the Dungeon.
You were not hungry.

You visited 1 branch of the dungeon, and saw 4 of its levels.

You collected 199 gold pieces.

Inventory:

Hand Weapons
 a - a +0 trident (weapon)
Missiles
 d - 2 throwing nets (quivered) {!f}
Armour
 b - a +0 leather armour (worn)
 c - a +0 helmet (worn)
 i - a +0 cloak (worn)
   (You took it off Crazy Yiuf on level 2 of the Dungeon)
 y - a +0 pair of gloves (worn)
   (You found it on level 3 of the Dungeon)
Jewellery
 p - a ring of positive energy (left hand)
   (You found it on level 2 of the Dungeon)
Scrolls
 j - a scroll of fear {unknown}
 l - 3 scrolls of identify {unknown}
 o - 3 scrolls of remove curse {unknown}
 s - a scroll of amnesia {unknown}
 u - a scroll of immolation {unknown}
 v - a scroll of noise {unknown}
Potions
 f - a potion of brilliance {unknown}
 g - 2 potions of curing {unknown}
 h - 2 potions of invisibility {unknown}
 k - 3 potions of magic {unknown}
 m - a potion of resistance {unknown}
 n - a potion of haste {unknown}
 q - 2 potions of cancellation {unknown}
 r - 5 potions of flight {unknown}
 w - a potion of heal wounds {unknown}
 x - a potion of ambrosia {unknown}
 z - a potion of agility {unknown}
Comestibles
 e - 8 rations {!d}
 t - 2 chunks of flesh


   Skills:
 + Level 3.7 Fighting
 * Level 7.4 Polearms
 - Level 2.0 Throwing
 + Level 5.5 Dodging


You had 5 spell levels left.
You didn't know any spells.
Your spell library was empty.

Dungeon Overview and Level Annotations

Branches:
Dungeon (4/15)
 Temple: D:4-7

Altars:
Dithmenos
Gozag
Kikubaaqudgha
Makhleb
Sif Muna
Uskayaw
Yredelemnul

Shops:
D:4 [


Message History

You feel a bit more experienced.
An orc comes into view. It is wielding a +0 flail.
The orc wizard closely misses you.
You hit the orc wizard. You hit the orc wizard.
The orc wizard hits you but does no damage.
You miss the orc wizard.
The orc wizard gestures at you while chanting.
The magic dart hits you!
* * * LOW HITPOINT WARNING * * *
You hit the orc wizard.
The orc wizard hits you with a +0 dagger.
* * * LOW HITPOINT WARNING * * *
An orc comes into view. It is wielding a +0 flail.
You barely miss the orc wizard.
The orc wizard hits you with a +0 dagger.
* * * LOW HITPOINT WARNING * * *
You closely miss the orc wizard.
The orc wizard casts a spell.
The orc wizard flickers and vanishes!
Deactivating autopickup; reactivate with Ctrl-A.
The orc throws a stone.
The orc throws a stone.
The stone closely misses you.
You hear some strange, mumbled words.
You are confused.
You bump into the rock wall.
The orc throws a stone.
There is an open door here.
Your legs become a tail as you enter the water.
Something barely misses you.
You feel less confused.
You hear some strange, mumbled words.
You are confused.
You bump into the tree.
You hear some strange, mumbled words.
You are more confused.
The orc throws a stone.
The stone hits you but does no damage.
You hit the plant. You tail-slap the plant.
The orc throws a stone.
The stone barely misses you.
The stone hits the plant but does no damage.
You hear a splash.
Unknown command.
You're too confused to move!
The orc throws a stone.
The stone closely misses you.
You hear a splash.
A puff of flame appears from out of thin air!
The puff of flame hits you!
* * * LOW HITPOINT WARNING * * *
You puncture the plant!
You are engulfed in a cloud of scalding steam.
You die...

#.......###(o........#.# #.
#.........##o#...###..#.###.
...........'..(...#
#....(...
##.......oo##.#...#
#..#.....
#.....≈P.≈##..........#####.
#.#..♣≈≈.{♣#######.#### #.
#.##≈≈≈≈.P§♣# #.# #.
#♣≈P≈.≈§P♣# # #. ♣≈≈≈.≈P@≈#
#. #PP≈≈.≈P≈♣# #. #♣≈≈≈.≈≈(♣
#. #.♣♣≈.≈≈≈≈ #. .. ♣≈.≈≈♣##
♣≈.≈≈≈ ♣≈.≈≈≈ ≈≈.≈≈


You could see an orc.

Vanquished Creatures
  A centaur skeleton (D:3)
  2 orc wizards
  Crazy Yiuf (D:2)
  A worker ant (D:4)
  3 adders
  An ooze (D:2)
  3 worms
  3 dart slugs
  10 orcs
  2 ball pythons (D:1)
  3 giant cockroaches
  3 goblins
  6 hobgoblins
  4 bats
  3 frilled lizards
  2 kobolds
  4 rats
52 creatures vanquished.

Notes
Turn   | Place    | Note
-------+----------+-------------------------------------------
     0 | D:1      | MalarOregon the Merfolk Gladiator began the quest for the
                  | Orb.
     0 | D:1      | Reached XP level 1. HP: 16/16 MP: 1/1
    74 | D:1      | Reached XP level 2. HP: 23/23 MP: 2/2
   222 | D:1      | Reached skill level 5 in Polearms
   868 | D:2      | Reached XP level 3. HP: 24/28 MP: 3/3
   965 | D:2      | Found a hide-covered altar of Uskayaw.
  1038 | D:2      | Found a runed door.
  1226 | D:2      | Reached XP level 4. HP: 33/34 MP: 4/4
  1424 | D:2      | Noticed Crazy Yiuf
  1436 | D:2      | HP: 1/34 [Crazy Yiuf/+2 quarterstaff of chaos (3)]
  1457 | D:2      | Killed Crazy Yiuf
  1457 | D:2      | Reached skill level 6 in Polearms
  1754 | D:2      | Reached skill level 5 in Dodging
  1757 | D:2      | Reached XP level 5. HP: 17/41 MP: 5/5
  2323 | D:3      | Found an opulent altar of Gozag.
  2325 | D:3      | Found a shadowy altar of Dithmenos.
  2327 | D:3      | Found a basalt altar of Yredelemnul.
  2327 | D:3      | Found a burning altar of Makhleb.
  2328 | D:3      | Found an ancient bone altar of Kikubaaqudgha.
  2328 | D:3      | Found a deep blue altar of Sif Muna.
  2553 | D:3      | Found a faded altar of an unknown god.
  2689 | D:4      | Found Genoge's Antique Armour Shoppe.
  2691 | D:4      | Reached skill level 7 in Polearms
  2748 | D:4      | Reached XP level 6. HP: 14/48 MP: 6/6
  2774 | D:4      | Engulfed by an orc wizard's steam

Vault maps used:
D:1:      dpeg_arrival_pond
D:2:      lemuel_round_altar, first_ration, uniq_crazy_yiuf_cottage
D:3:      grunt_temple_overflow_open, chequers_ecumenical_altar_simple_redux
D:4:      nicolae_tso_swordbearing_angel, serial_shops, shop,
          serial_bayou_lagoon_b

Skill      XL: |  1  2  3  4  5 |
---------------+----------------+-----
Polearms       | 5 6 7 |  7.4
Fighting       | 3 |  3.7
Dodging        | 5 |  5.5
Throwing       | |  2.0

Action                   |  1- 3 |  4- 6 || total
-------------------------+-------+-------++-------
Melee: Trident           |   116 |   101 ||   217
       Tailslap          |       |     1 ||     1
Throw: Throwing net      |       |     1 ||     1
 Stab: Sleeping          |     2 |       ||     2
  Eat: Chunk             |     1 |     5 ||     6
Armor: Leather armour    |    25 |    14 ||    39
Dodge: Dodged            |    70 |    64 ||   134

Table legend:
 A = Non-vault XP
 B = Vault XP
 C = Vault XP percentage of total XP
 D = Non-vault monster count
 E = Vault monster count
 F = Vault count percentage of total count
                 A         B        C        D         E       F
            +---------+---------+-------+---------+---------+-------
      Total |     297 |      39 |  11.6 |      51 |       1 |   1.9
            +---------+---------+-------+---------+---------+-------
        D:1 |      29 |       0 |   0.0 |      16 |       0 |   0.0
        D:2 |     108 |      39 |  26.5 |      18 |       1 |   5.3
        D:3 |      72 |       0 |   0.0 |      13 |       0 |   0.0
        D:4 |      88 |       0 |   0.0 |       4 |       0 |   0.0
            +---------+---------+-------+---------+---------+-------
